Map: Ulrena

Players

Dawn

  • Race: Terran Terran
  • League: Diamond

ShNuRocK - Winner!

  • Race: Zerg Zerg

VOD

Have the link to the VOD?

Description

Time

  • Played on: Feb. 2, 2016, 4:14 p.m.
  • Length: 5:37
Show
View Real Time Build Order
Export as new Build Order

Dawn Terran 

Build Orders: Reaper Expand 

Get SALT Encoding   

  12  0:03  SCV  
  13  0:17  SCV  
  14  0:24  Supply Depot  
  14  0:29  SCV  
  15  0:46  SCV  
  15  0:47  Barracks  
  15  0:49  Refinery  
  16  0:58  SCV  
  17  1:10  SCV  
  18  1:23  SCV  
  19  1:34  Reaper  
  19  1:37  Orbital Command  
  20  1:48  Command Center  
  20  2:03  SCV, Supply Depot  
  21  2:12  Barracks Reactor  
  21  2:15  SCV  
  22  2:17  Refinery  
  22  2:27  Factory  
  23  2:44  SCV  
  22  2:52  Marine x2  
  22  2:56  SCV  
  25  3:01  Orbital Command  
  25  3:02  Bunker  
  25  3:10  SCV  
  26  3:17  Starport  
  26  3:19  Barracks Reactor  
  26  3:20  Hellion x2  
  26  3:23  SCV  
  31  3:27  SCV  
  32  3:35  Supply Depot  
  32  3:36  SCV  
  32  3:39  SCV  
  34  3:44  Hellion  
  34  3:45  Hellion  
  39  3:48  SCV  
  39  3:51  SCV  
  40  4:05  SCV x2  
  40  4:06  Hellion x2  
  46  4:15  Liberator x2  
  39  4:31  Hellion  
  36  4:41  Hellion  
  36  4:42  SCV x2, Supply Depot  
  36  4:44  Supply Depot  
  27  5:14  Hellion  
  27  5:18  SCV x2  
  25  5:31  Bunker  
Show
View Real Time Build Order
Export as new Build Order

ShNuRocK Zerg - Winner!

Build Orders: Hatch First, Zergling Baneling 

Get SALT Encoding   

  12  0:03  Drone  
  13  0:12  Overlord  
  13  0:17  Drone  
  14  0:31  Drone x2  
  16  0:39  Drone  
  17  0:54  Hatchery  
  17  0:56  Drone  
  17  1:00  Extractor  
  16  1:16  Spawning Pool, Drone  
  16  1:19  Drone  
  16  1:25  Drone  
  18  1:29  Drone  
  19  1:39  Overlord  
  19  1:58  Drone  
  20  2:02  Drone  
  21  2:09  Queen, Zergling x2  
  21  2:10  Queen  
  21  2:12  Zergling x2  
  27  2:18  Metabolic Boost  
  26  2:45  Overlord, Drone x3  
  26  2:46  Overlord  
  26  2:50  Baneling Nest  
  28  2:57  Zergling x6  
  31  3:08  Zergling x4  
  33  3:23  Zergling x2  
  33  3:25  Zergling x12  
  33  3:26  Zergling x2  
  42  3:34  Zergling x2  
  42  3:36  Overlord  
  42  3:50  Baneling  
  42  3:51  Baneling x7  
  42  3:52  Baneling x2  
  42  3:53  Zergling x2  
  42  3:54  Zergling x2  
  44  4:00  Zergling x2  
  44  4:01  Zergling x4  
  40  4:25  Zergling x2  
  40  4:26  Zergling x8  
  40  4:29  Zergling x10  
  47  4:38  Zergling x6  
  45  4:40  Baneling  
  45  4:41  Baneling x2  
  45  4:45  Zergling x2  
  46  4:51  Zergling x2  
  40  5:16  Zergling x2  
  40  5:17  Zergling x10  
Tags
 
Add a new tag
Caveats
  • Supply blocks, unpowered buildings, or Contaminate may cause inaccurate times.
  • Supply counts are checked every 10 seconds.